 Dungeon Crawl Stone Soup version 0.30-a0-1157-g2cc9ac7196 (webtiles) character file.

Game seed: 12126214013123698082

113 Sobieck the Stinger (level 4, -2/24 HPs)
             Began as a Deep Elf Venom Mage on Apr 24, 2023.
             Slain by Pikel
             ... wielding a +1 whip of freezing
              (7 damage)
             ... on level 3 of the Dungeon.
             The game lasted 00:05:22 (3003 turns).

Sobieck the Stinger (Deep Elf Venom Mage)           Turns: 3003, Time: 00:05:22

Health: -2/24      AC:  7    Str:  5    XL:     4   Next: 65%
Magic:  11/12      EV: 12    Int: 28    God:
Gold:   156        SH:  0    Dex: 10    Spells: 4/11 levels left

rFire   + . .        a - +7 whip "Dragonbane" {spect, rF+ Int+6 Dex-5 Stlth+, mace}
rCold   . . .        (no shield)
rNeg    . . .        A - +0 animal skin
rPois   .            B - +0 helmet
rElec   .            (no cloak)
rCorr   .            (no gloves)
SInv    .            (no boots)
Will    .....        (no amulet)
Stlth   +++          E - +4 ring of protection
HPRegen 0.24/turn    (no ring)
MPRegen 0.13/turn

%: no passive effects
@: no status effects
A: no striking features
a: no special abilities


You were on level 3 of the Dungeon.
You visited 1 branch of the dungeon, and saw 4 of its levels.

You collected 156 gold pieces.


   Skills:
 - Level 2.4 Dodging
 - Level 2.4 Stealth
 - Level 4.0 Spellcasting
 - Level 1.1 Transmutations
 + Level 5.6 Poison Magic


You had 4 spell levels left.
You knew the following spells:

 Your Spells              Type           Power      Damage    Failure   Level
a - Sting                 Tmut/Pois      96%        1d7       1%          1
b - Poisonous Vapours     Pois/Air       42%        N/A       3%          2
c - Olgreb's Toxic Radia  Pois           37%        N/A       8%          4

Your spell library contained the following spells:

 Spells                   Type           Power      Damage    Failure   Level
 Mephitic Cloud           Conj/Pois/Air  16%        N/A       11%         3
 Call Canine Familiar     Summ           5%         N/A       22%         3
 Portal Projectile        Hex/Tloc       10%        N/A       22%         3
 Leda's Liquefaction      Hex/Erth       2%         N/A       58%         4

Inventory:

Hand Weapons
 a - the +7 whip "Dragonbane" (weapon) {spect, rF+ Int+6 Dex-5 Stlth+, mace}
   (You found it on level 3 of the Dungeon)

   Int:       It affects your intelligence (+6).
   Dex:       It affects your dexterity (-5).
   rF:        It protects you from fire.
   Stlth:     It makes you more stealthy.
 f - a +0 dagger {short}
   (You found it on level 1 of the Dungeon)
 i - a +0 whip {mace}
   (You found it on level 1 of the Dungeon)
Missiles
 e - 4 boomerangs {throwing}
 k - 53 stones {throwing}
 q - 14 poisoned darts {throwing}
 F - 3 atropa-tipped darts {throwing}
Armour
 c - a +0 leather armour
   (You found it on level 1 of the Dungeon)
 h - a +0 ring mail
   (You found it on level 1 of the Dungeon)
 l - a +0 robe
   (You found it on level 1 of the Dungeon)
 u - a +0 ring mail
   (You found it on level 3 of the Dungeon)
 v - a +0 chain mail
   (You took it off an orc on level 3 of the Dungeon)
 w - a +0 leather armour
   (You took it off an orc on level 3 of the Dungeon)
 A - a +0 animal skin (worn)
   (You took it off Robin on level 3 of the Dungeon)
 B - a +0 helmet (worn)
   (You took it off Robin on level 3 of the Dungeon)
 D - a +0 robe
Jewellery
 E - a +4 ring of protection (left hand)
   (You found it on level 3 of the Dungeon)
Scrolls
 d - 2 scrolls of fear {unknown}
 g - 5 scrolls of identify {unknown}
 o - a scroll of magic mapping {unknown}
 p - 4 scrolls of vulnerability {unknown}
 s - 5 scrolls of teleportation {unknown}
 t - a scroll of summoning {unknown}
 x - a scroll of blinking {unknown}
 y - 3 scrolls of amnesia {unknown}
 z - 3 scrolls of enchant armour {unknown}
Potions
 b - a potion of magic
 j - a potion of degeneration {unknown}
 m - 2 potions of ambrosia {unknown}
 n - 3 potions of curing {unknown}
 r - 2 potions of resistance {unknown}
 C - a potion of haste {unknown}

Dungeon Overview and Level Annotations

Branches:
Dungeon (4/15) Zot: 20997
 Temple: D:4-7

Altars:

Annotations:
D:3 Pikel

.♣♣ ♣♣♣.♣
#.#.# ♣.♣
♣.♣ #.#.#
♣.♣♣♣♣♣ ♣÷♣♣
#.#.#
♣♣.♣♣.♣ ♣♣.♣
#.#.#
♣♣.).♣♣♣ ♣.♣
#.#.#
♣♣♣...♣♣
♣.♣♣
#.#.########
♣♣....♣
♣♣.♣♣
#..........#
♣.....♣ ♣K(♣
#....#######
♣♣....♣ ♣♣@♣
#....#
♣.♣..♣♣ ♣♣♣
#....#
♣♣♣♣♣♣
#....#
##....#
#.....#
##....#
#...## #...#
#...########


You could see Pikel (poisoned) and a friendly +7 whip "Dragonbane" {spect, rF+
Int+6 Dex-5 Stlth+, mace}.


Message History

You now have 156 gold pieces (gained 9).
F - 3 atropa-tipped darts {throwing} Unknown command.
k - 53 stones {throwing} (gained 3)
Items here: ))) †.
Done exploring.
Done exploring.
(D) Dungeon
Where to? (Enter - D:3, ? - help)
You see here a frilled lizard skeleton.
There is a stone staircase leading down here.
You climb downwards.
There is a stone staircase leading up here.
There are monsters nearby!
Danger!
Unknown command.
Poisonous vapours surround the lemure!
The lemure is poisoned.
The lemure shouts!
You hear a shout!
A lemure comes into view.
Unknown command.
Casting: Poisonous Vapours (safe; 3% risk of failure)
Confirm with . or Enter, or press ? or * to list all spells.
The spell is extremely dangerous to miscast (8% risk of failure)!
Continue anyway?
You begin to radiate toxic energy.
The lemure is poisoned.
The lemure looks even sicker.
Pikel, Merchant of Souls comes into view.
He is wielding a +1 whip of freezing.
Casting: Olgreb's Toxic Radiance (extremely dangerous; 8% risk of failure)
Confirm with . or Enter, or press ? or * to list all spells.
The spell is extremely dangerous to miscast (8% risk of failure)!
Continue anyway?
Your toxic radiance grows in intensity.
Pikel is poisoned.
The lemure looks as sick as possible!
The lemure looks even sicker.
Unknown command.
Pikel looks even sicker.
The lemure looks as sick as possible!
Unknown command.
Pikel looks even sicker.
The lemure looks as sick as possible!
The lemure hits you.
You climb upwards.
Your toxic aura wanes.
There is a stone staircase leading down here.
Unknown command.
Unknown command.
You hit the lemure.
Your +7 whip "Dragonbane" {spect, rF+ Int+6 Dex-5 Stlth+, mace} completely misses the lemure.
You kill the lemure!
That felt strangely unrewarding.
No target in view!
Unknown command.
Unknown command.
You start resting.
Your +7 whip "Dragonbane" {spect, rF+ Int+6 Dex-5 Stlth+, mace} disappears.
You start resting.
Unknown command.
Unknown command.
You climb downwards.
Level annotation: Pikel The lemure shouts!
The endoplasm jiggles.
The endoplasm freezes you.
You are frozen.
There is a stone staircase leading up, spattered with blood here.
Danger!
Unknown command.
You barely miss the endoplasm.
Your +7 whip "Dragonbane" {spect, rF+ Int+6 Dex-5 Stlth+, mace} hits the endoplasm!
You kill the endoplasm!
Your +7 whip "Dragonbane" {spect, rF+ Int+6 Dex-5 Stlth+, mace} disappears.
Pikel hits you with a +1 whip of freezing.
Pikel freezes you.
You climb upwards.
There is a stone staircase leading down here.
You hit Pikel.
Your +7 whip "Dragonbane" {spect, rF+ Int+6 Dex-5 Stlth+, mace} closely misses Pikel.
Pikel says, "All the lords of Hell know my name!"
Pikel completely misses you.
You hit Pikel.
Your +7 whip "Dragonbane" {spect, rF+ Int+6 Dex-5 Stlth+, mace} hits Pikel!
Pikel cracks his whip.
Pikel hits you with a +1 whip of freezing!
Ouch! That really hurt!
* * * LOW HITPOINT WARNING * * *
Pikel freezes you.
* * * LOW HITPOINT WARNING * * *
Unknown command.
You are too injured to fight recklessly!
Unknown command.
Casting: Olgreb's Toxic Radiance (extremely dangerous; 8% risk of failure)
Confirm with . or Enter, or press ? or * to list all spells.
Aiming: Sting (safe; 1% risk of failure)
Press: ? - help, Shift-Dir - straight line, f - Pikel
Aim: Pikel, wielding a +1 whip of freezing and wearing a +0 robe (heavily wounded, 70% to hit)
The sting hits Pikel.
Pikel is poisoned.
Your +7 whip "Dragonbane" {spect, rF+ Int+6 Dex-5 Stlth+, mace} disappears.
Pikel misses you.
Unknown command.
Casting: Sting (safe; 1% risk of failure)
Confirm with . or Enter, or press ? or * to list all spells.
Okay, then.
You closely miss Pikel.
Your +7 whip "Dragonbane" {spect, rF+ Int+6 Dex-5 Stlth+, mace} closely misses Pikel.
Pikel hits you with a +1 whip of freezing!
You die...

Skill      XL: |  1  2  3  4 |
---------------+-------------+-----
Spellcasting   | 4 |  4.0
Poison Magic   | 4 5 |  5.6
Dodging        | |  2.4
Stealth        | |  2.4
Transmutations | |  1.1

Action                     |  1- 3 |  4- 6 || total
---------------------------+-------+-------++-------
  Melee: Dagger            |     6 |       ||     6
         Whip              |       |    11 ||    11
   Cast: Sting             |    51 |    12 ||    63
         Poisonous Vapours |     8 |    12 ||    20
         Olgreb's Toxic Ra |       |     3 ||     3
 Armour: Robe              |     2 |       ||     2
         Animal skin       |       |     2 ||     2
  Dodge: Dodged            |    15 |     7 ||    22

Levels and vault maps discovered:
D:1:      spicycebolla_arrival_xxxplode, layout_loops_ring,
          minmay_stone_trees_small, item_on_display_a
D:2:      layout_rooms
D:3:      kb_forest_paths, layout_basic, uniq_robin
D:4:      layout_basic, minmay_unequal, uniq_menkaure, uniq_pikel

Notes
Turn   | Place    | Note
-------+----------+-------------------------------------------
     0 | D:1      | Sobieck the Deep Elf Venom Mage began the quest for the
                  | Orb.
     0 | D:1      | Reached XP level 1. HP: 10/10 MP: 6/6
   754 | D:2      | Reached skill level 4 in Spellcasting
   754 | D:2      | Reached XP level 2. HP: 10/15 MP: 3/9
   833 | D:2      | Learned a level 2 spell: Poisonous Vapours
  1477 | D:3      | Reached skill level 4 in Poison Magic
  1556 | D:3      | Reached XP level 3. HP: 16/19 MP: 7/10
  1755 | D:3      | Reached XP level 4. HP: 19/24 MP: 3/12
  1770 | D:3      | Reached skill level 5 in Poison Magic
  1786 | D:3      | Learned a level 4 spell: Olgreb's Toxic Radiance
  1981 | D:3      | Noticed Robin
  2008 | D:3      | Killed Robin
  2221 | D:3      | Identified the +7 whip "Dragonbane" {spect, rF+ Int+6 Dex-5
                  | Stlth+}
  2548 | D:3      | You pick up a book of the Hunter and begin reading...
  2548 | D:3      | You add the spells Call Canine Familiar, Portal Projectile
                  | and Leda's Liquefaction to your library.
  2918 | D:4      | Noticed a lemure
  2919 | D:4      | Noticed a lemure
  2920 | D:4      | Noticed Pikel
  2926 | D:3      | Killed a lemure
  2996 | D:4      | Noticed a lemure
  2996 | D:4      | Noticed a lemure
  3001 | D:3      | HP: 4/24 [Pikel/+1 whip of freezing (4)]
  3003 | D:3      | Slain by Pikel

Vanquished Creatures
  A lemure (D:3)
  An orc priest (D:3)
  Robin (D:3)
  A dart slug (D:3)
  7 orcs (D:3)
  6 ball pythons
  5 endoplasms
  2 giant cockroaches (D:2)
  11 goblins
  6 hobgoblins
  A kobold (D:3)
  3 quokkas
  4 bats
  3 frilled lizards
  5 rats
57 creatures vanquished.

Table legend:
 A = Non-vault XP
 B = Vault XP
 C = Vault XP percentage of total XP
 D = Non-vault monster count
 E = Vault monster count
 F = Vault count percentage of total count
                 A         B        C        D         E       F
            +---------+---------+-------+---------+---------+-------
      Total |     118 |      44 |  27.2 |      41 |      15 |  26.8
            +---------+---------+-------+---------+---------+-------
        D:1 |       9 |       0 |   0.0 |       6 |       0 |   0.0
        D:2 |      25 |       0 |   0.0 |      15 |       0 |   0.0
        D:3 |      82 |      44 |  34.9 |      19 |      15 |  44.1
        D:4 |       2 |       0 |   0.0 |       1 |       0 |   0.0
            +---------+---------+-------+---------+---------+-------

Skill      XL: |  1  2  3  4 |
---------------+-------------+-----
Spellcasting   | 4 |  4.0
Poison Magic   | 4 5 |  5.6
Dodging        | |  2.4
Stealth        | |  2.4
Transmutations | |  1.1

Action                     |  1- 3 |  4- 6 || total
---------------------------+-------+-------++-------
  Melee: Dagger            |     6 |       ||     6
         Whip              |       |    11 ||    11
   Cast: Sting             |    51 |    12 ||    63
         Poisonous Vapours |     8 |    12 ||    20
         Olgreb's Toxic Ra |       |     3 ||     3
 Armour: Robe              |     2 |       ||     2
         Animal skin       |       |     2 ||     2
  Dodge: Dodged            |    15 |     7 ||    22

Illustrated notes

Table legend:
 A = Kills in this place as a percentage of kills in the entire game.
 B = Kills by you in this place as a percentage of kills by you in the entire game.
 C = Kills by friends in this place as a percentage of kills by friends in the entire game.
 D = Other kills in this place as a percentage of other kills in the entire game.
 E = Experience gained in this place as a percentage of experience gained in the entire game.
 F = Experience gained in this place divided by the number of levels of this place that you have seen.
                   A       B       C       D       E      F
               +-------+-------+-------+-------+-------+----------------------
         Total | 100.0 | 100.0 |   N/A |   N/A | 100.0 |  40.5
       Dungeon | 100.0 | 100.0 |   N/A |   N/A | 100.0 |  40.5
               +-------+-------+-------+-------+-------+----------------------

Table legend: (Time is in decaauts)
 A = Elapsed time spent in this place.
 B = Non-inter-level travel time spent in this place.
 C = Inter-level travel time spent in this place.
 D = Time resting spent in this place.
 E = Time spent auto-exploring this place.
 F = Levels seen in this place.
 G = Mean time per level.
                   A        B        C        D        E       F      G
               +--------+--------+--------+--------+--------+-----+--------+
         Total |   3001 |   2910 |     91 |    203 |   2355 |   4 |  750.2 |
       Dungeon |   3001 |   2910 |     91 |    203 |   2355 |   4 |  750.2 |
               +--------+--------+--------+--------+--------+-----+--------+

Top non-repeatable levels by time:
     D:3: 1518 daAuts
     D:1: 775 daAuts
     D:2: 698 daAuts
     D:4: 10 daAuts
